 Dungeon Crawl Stone Soup version 0.28.0-49-g6dfe1f597d (webtiles) character file.

Game seed: 16626257897033962305

57 Zeld the Conjurer (level 3, 0/28 HPs)
             Began as a Draconian Conjurer on May 16, 2022.
             Slain by Grinder (7 damage)
             ... while paralysed by Grinder
             ... on level 3 of the Dungeon.
             The game lasted 00:02:26 (2104 turns).

Zeld the Conjurer (Draconian Conjurer)              Turns: 2104, Time: 00:02:27

Health: 0/28       AC:  5    Str:  9    XL:     3   Next: 73%
Magic:  6/6        EV:  2    Int: 20    God:
Gold:   67         SH:  0    Dex:  9    Spells: 4/7 levels left

rFire   . . .      SeeInvis .   d - +7 mace of the Glowing Weasel {venom, *Rage *Slow rPois rN+++}
rCold   . . .      Faith    .   (no shield)
rNeg    + + +      Spirit   .   (armour unavailable)
rPois   +          Reflect  .   (helmet restricted)
rElec   .          Harm     .   (no cloak)
rCorr   .          Rampage  .   (no gloves)
Will    .....      Rage     20% (no boots)
Stlth   ++........              (no amulet)
HPRegen 0.09/turn               (no ring)
MPRegen 0.10/turn               (no ring)

@: paralysed
A: AC +5, unfitting armour, cold-blooded
a: no special abilities


You were on level 3 of the Dungeon.
You visited 1 branch of the dungeon, and saw 3 of its levels.

You collected 67 gold pieces.

Inventory:

Hand Weapons
 d - the +7 mace of the Glowing Weasel (weapon) {venom, *Rage *Slow rPois rN+++}
   (You found it on level 2 of the Dungeon)

   It poisons the flesh of those it strikes.
   rPois:     It protects you from poison.
   rN:        It renders you almost immune to negative energy.
   *Rage:     It berserks you when you make melee attacks (+20% chance).
   *Slow:     It may slow you when you take damage.
Scrolls
 c - a scroll of amnesia {unknown}
 e - 2 scrolls of identify {unknown}
 g - 2 scrolls of noise {unknown}
 i - 2 scrolls of teleportation {unknown}
 j - a scroll of summoning {unknown}
Potions
 a - a potion of curing {unknown}
 b - 2 potions of might {unknown}
 f - a potion of attraction {unknown}
 h - a potion of brilliance {unknown}


   Skills:
 * Level 1.5 Fighting
 + Level 2.0 Dodging
 + Level 2.1 Stealth
 * Level 2.6 Spellcasting
 * Level 4.4 Conjurations


You had 4 spell levels left.
You knew the following spells:

 Your Spells              Type           Power      Damage    Failure   Level
a - Magic Dart            Conj           80%        1d7       2%          1
b - Searing Ray           Conj           40%        2d5       3%          2

Your spell library contained the following spells:

 Spells                   Type           Power      Damage    Failure   Level
 Shock                    Conj/Air       44%        1d5       6%          1
 Dazzling Flash           Conj/Hex       22%        N/A       19%         3
 Swiftness                Air            2%         N/A       41%         3
 Fulminant Prism          Conj/Hex       5%         3d7       52%         4
 Iskenderun's Mystic Bla  Conj/Tloc      11%        2d4       52%         4
 Airstrike                Air            1%         N/A       83%         4


Dungeon Overview and Level Annotations

Branches:
Dungeon (3/15)

Altars:
Ashenzari
Elyvilon
Gozag
Sif Muna
Wu Jian
Xom

Annotations:
D:3 Grinder


Innate Abilities, Weirdness & Mutations

Your plain brown scales are hard. (AC +5)
You cannot fit into any form of body armour.
You are cold-blooded and may be slowed by cold attacks.


Message History

You recover from your berserk rage.
Grinder is nearby!
Grinder shouts!
Grinder gestures at you.
You are unaffected.
Grinder blinks!
A quokka comes into view.
Found a fuming blue potion.
You barely miss the quokka.
The quokka bites you but does no damage.
You closely miss the quokka. The quokka closely misses you.
The quokka bites you.
You hit Grinder.
Grinder is lightly wounded.
The quokka barely misses you. Grinder hits you.
The quokka bites you but does no damage.
You thump Grinder!
Grinder is moderately wounded.
Grinder hits you.
The quokka bites you but does no damage.
You barely miss Grinder.
Grinder is moderately wounded.
The quokka bites you but does no damage.
Grinder closely misses you. The quokka closely misses you. Grinder hits you!
You are too injured to fight recklessly!
You are too injured to fight recklessly!
Unknown command.
You hit Grinder.
Grinder is poisoned.
Grinder is moderately wounded.
The quokka bites you.
* * * LOW HITPOINT WARNING * * *
Grinder misses you. The quokka barely misses you.
Unknown command.
You sock Grinder!
Grinder is heavily wounded.
Grinder gestures at you.
You suddenly lose the ability to move!
The quokka bites you.
* * * LOW HITPOINT WARNING * * *
Grinder hits you!
You die...

..###.#...#.#
....#.#...#.#.#. ###.
................ ....
..........# ...#
..........# ...#.
.......####### ###......
.......#8###⌠###8#.....#
..####...........r......
................@5......
######.................!
###8###8###8#...... ###
### ###...... .....
..... ####


You could see Grinder (very poisoned) and a quokka.

Vanquished Creatures
  2 adders
  A dart slug (D:1)
  4 ball pythons
  4 endoplasms
  2 giant cockroaches
  3 goblins (D:1)
  5 hobgoblins (D:1)
  3 kobolds (D:1)
  2 quokkas (D:1)
  4 bats
  3 rats (D:1)
33 creatures vanquished.

Notes
Turn   | Place    | Note
-------+----------+-------------------------------------------
     0 | D:1      | Zeld the Draconian Conjurer began the quest for the Orb.
     0 | D:1      | Reached XP level 1. HP: 14/14 MP: 3/3
   285 | D:1      | Reached XP level 2. HP: 22/22 MP: 1/5
   288 | D:1      | Learned a level 2 spell: Searing Ray
   386 | D:1      | Found a faded altar of an unknown god.
   537 | D:1      | Reached skill level 1 in Fighting
   879 | D:1      | Reached XP level 3. HP: 28/28 MP: 3/6
  1505 | D:2      | Identified the +7 mace of the Glowing Weasel {venom, *Rage
                  | *Slow rPois rN+++}
  1984 | D:3      | Found a broken altar of Ashenzari.
  1986 | D:3      | Found an ornate altar of the Wu Jian Council.
  1987 | D:3      | Found a white marble altar of Elyvilon.
  1987 | D:3      | Found a shimmering blue altar of Sif Muna.
  1989 | D:3      | Found an opulent altar of Gozag.
  1989 | D:3      | Found a shimmering altar of Xom.
  2092 | D:3      | Noticed Grinder
  2104 | D:3      | Paralysed by Grinder for 3 turns
  2104 | D:3      | Slain by Grinder

Illustrated notes

Levels and vault maps discovered:
D:1:      psy_arrival_terrarium, layout_loops_ring,
          ebering_ecumenical_altar_webs
D:2:      layout_basic
D:3:      layout_basic, grunt_temple_overflow_open, serial_corexii_hall,
          corexii_hall_statues_i, corexii_hall_statues_t, uniq_grinder

Skill      XL: |  1  2  3 |
---------------+----------+-----
Fighting       | 1 |  1.5
Stealth        | 2 |  2.1
Dodging        | 2 |  2.0
Spellcasting   | |  2.6
Conjurations   | |  4.4

Action                   || total
-------------------------++-------
Melee: Unarmed           ||    20
       Tailslap          ||     4
       Mace              ||    23
 Cast: Magic Dart        ||    51
Armor: Skin              ||    21
Dodge: Dodged            ||    41
